 Dungeon Crawl Stone Soup version 0.32-a0-913-g739538afd8 (webtiles) character file.

Game seed: 960329828698853120

172 spaghetti the Shooter (level 5, -5/45 HPs)
             Began as a Naga Hunter on Apr 9, 2024.
             Killed by divine providence
             ... invoked by an orc priest
              (13 damage)
             ... on level 3 of the Dungeon.
             The game lasted 00:02:26 (2028 turns).

spaghetti the Shooter (Naga Hunter)                 Turns: 2028, Time: 00:02:26

Health: -5/45      AC:  5    Str: 13    XL:     5   Next: 53%
Magic:  5/5        EV:  8    Int: 10    God:
Gold:   113        SH:  0    Dex: 16    Spells: 4/4 levels left

rFire   . . .        a - +1 shortbow
rCold   + . .        (shield currently unavailable)
rNeg    . . .        c - +0 leather armour
rPois   +            (no helmet)
rElec   .            (no cloak)
rCorr   .            d - +1 pair of gloves
SInv    +            (no barding)
Will    .....        (no amulet)
Stlth   ++           e - ring of protection from cold
HPRegen 0.27/turn    (no ring)
MPRegen 0.09/turn

%: no passive effects
@: very slow
A: AC +1, large, see invisible, deformed body, poison resistance, slowness 2,
spit poison 1, naga tail 1
a: Spit Poison, Convert to Beogh


You were on level 3 of the Dungeon.
You visited 1 branch of the dungeon, and saw 3 of its levels.

You collected 113 gold pieces.

Inventory:

Hand Weapons
 a - a +1 shortbow (weapon)
Armour
 c - a +0 leather armour (worn)
 d - a +1 pair of gloves (worn)
Jewellery
 e - a ring of protection from cold (left hand)
Potions
 b - a potion of curing
 k - a potion of enlightenment


   Skills:
 - Level 2.0 Fighting
 + Level 6.0 Ranged Weapons
 - Level 1.5 Dodging
 - Level 1.5 Stealth


You had 4 spell levels left.
You didn't know any spells.
Your spell library contained the following spells:

 Spells                   Type           Power      Damage    Failure   Level
 Call Canine Familiar     Summ           0%         N/A       82%         3
 Sigil of Binding         Hex            0%         N/A       82%         3
 Dimensional Bullseye     Hex/Tloc       0%         N/A       99%         4


Dungeon Overview and Level Annotations

Branches:
Dungeon (3/15)

Altars:

Shops:
D:1 !


Innate Abilities, Weirdness & Mutations

Your serpentine skin is tough. (AC +1)
You have supernaturally acute eyesight. (SInv)
Armour fits poorly on your strangely shaped body.
Your system is resistant to poisons. (rPois)
You cover ground very slowly.
You can spit poison.
You have a snake-like lower body.


Message History

The arrow closely misses the orc priest.
The arrow barely misses the orc priest.
A bombardier beetle comes into view.
The goblin completely misses you.
The orc priest hits you but does no damage.
An orc comes into view. It is wielding a +0 whip.
Unknown command.
The orc priest calls upon Beogh to heal the orc priest.
The orc priest's wounds heal themselves!
The orc priest attacks as it pursues you!
The orc priest hits you with a +0 short sword.
The goblin attacks as it pursues you! The goblin hits you with a +0 club.
The orc priest barely misses you. The goblin hits you with a +0 club.
The orc priest looks encouraged for a moment.
The goblin attacks as it pursues you! The goblin barely misses you.
The orc priest invokes the aid of Beogh against you.
Beogh smites you!
The orc priest looks braver for a moment.
The goblin barely misses you.
An orc comes into view. It is wielding a +0 flail.
The goblin attacks as it pursues you! The goblin barely misses you.
The goblin attacks as it pursues you! The goblin barely misses you.
The orc priest invokes the aid of Beogh against you.
Beogh smites you!
* * * LOW HITPOINT WARNING * * *
The goblin hits you with a +0 club.
* * * LOW HITPOINT WARNING * * *
An orc wizard comes into view. It is wielding a +0 dagger.
The orc shouts!
The orc wizard shouts!
The orc wizard gestures wildly while chanting.
The orc wizard flickers and vanishes for a moment.
The goblin attacks as it pursues you! The goblin hits you but does no damage.
The orc priest shouts, "Surrender to Beogh and we'll let you live!"
The goblin barely misses you. The goblin hits you with a +0 club.
* * * LOW HITPOINT WARNING * * *
There is a stone staircase leading up here.
The orc priest mumbles some strange prayers to Beogh against you.
Beogh smites you!
You die...

##.##...######.#..# ...
...............#.# #...
........###...[..###....
#####.....###...........
.....)o##....o..........
.......##...............
.......##.....oooo.####
..B.............g..#
................@..#
......###..........#
......# #.........†...
#####.######.## #. .# #.
#


You could see 2 orc priests, an orc wizard (invisible), 2 orcs and a goblin.

Vanquished Creatures
  An ogre (D:2)
  An orc wizard (D:3)
  An adder (D:2)
  A ribbon worm (D:2)
  A dart slug (D:1)
  An orc (D:3)
  3 endoplasms
  2 giant cockroaches
  3 goblins
  6 hobgoblins
  4 jackals (D:1)
  3 ball pythons
  6 bats
  3 frilled lizards
  4 kobolds (D:1)
  4 rats
44 creatures vanquished.

Notes
Turn   | Place    | Note
-------+----------+-------------------------------------------
     0 | D:1      | spaghetti the Naga Hunter began the quest for the Orb.
     0 | D:1      | Reached XP level 1. HP: 19/19 MP: 1/1
    53 | D:1      | Found Xaacs's Distillery.
   123 | D:1      | Reached skill level 4 in Ranged Weapons
   123 | D:1      | Reached XP level 2. HP: 26/26 MP: 2/2
   631 | D:1      | Reached XP level 3. HP: 32/32 MP: 3/3
  1119 | D:2      | Noticed an ogre
  1132 | D:2      | HP: 1/48 [ogre/+0 giant club (9)]
  1134 | D:2      | Killed an ogre
  1135 | D:2      | Reached skill level 5 in Ranged Weapons
  1135 | D:2      | Reached XP level 4. HP: 2/39 MP: 4/4
  1135 | D:2      | Reached XP level 5. HP: 2/45 MP: 5/5
  2012 | D:3      | Reached skill level 6 in Ranged Weapons
  2028 | D:3      | Killed from afar by an orc priest

Illustrated notes

Levels and vault maps discovered:
D:1:      psy_arrival_conway, layout_basic, serial_shops,
          nicolae_shop_industrial_runoff, chequers_arboretum, minmay_misc_feat_x
D:2:      wander_river, layout_basic
D:3:      layout_rooms, mainiacjoe_overflow_concentric_impassable

Skill      XL: |  1  2  3  4  5 |
---------------+----------------+-----
Ranged Weapons | 4 5 6 |  6.0
Fighting       | |  2.0
Dodging        | |  1.5
Stealth        | |  1.5

Action                     |  1- 3 |  4- 6 || total
---------------------------+-------+-------++-------
   Fire: Shortbow          |   111 |    21 ||   132
Ability: Spit Poison       |     4 |       ||     4
    Use: Scroll            |     4 |     4 ||     8
         Potion            |     3 |     1 ||     4
 Armour: Leather armour    |    45 |    12 ||    57
         Skin              |     5 |       ||     5
  Dodge: Dodged            |    37 |    13 ||    50

Table legend: (Time is in decaauts)
 A = Elapsed time spent in this place.
 B = Non-inter-level travel time spent in this place.
 C = Inter-level travel time spent in this place.
 D = Time resting spent in this place.
 E = Time spent auto-exploring this place.
 F = Levels seen in this place.
 G = Mean time per level.
                   A        B        C        D        E       F      G
               +--------+--------+--------+--------+--------+-----+--------+
         Total |   2637 |   2256 |    381 |    329 |   1604 |   3 |  879.0 |
       Dungeon |   2637 |   2256 |    381 |    329 |   1604 |   3 |  879.0 |
               +--------+--------+--------+--------+--------+-----+--------+

Top non-repeatable levels by time:
     D:1: 1270 daAuts
     D:2: 1256 daAuts
     D:3: 110 daAuts
